 Dungeon Crawl Stone Soup version 0.30-a0-924-g0ad0bf95bc (webtiles) character file.

Game seed: 16858258142759403087

5413 avis the Grappler (level 10, -8/81 HPs)
             Began as a Demigod Transmuter on Mar 22, 2023.
             Mangled by a cyclops (34 damage)
             ... in a volcano on Mar 23, 2023.
             The game lasted 01:10:44 (9326 turns).

avis the Grappler (Demigod Transmuter)              Turns: 9326, Time: 01:10:44

Health: -8/81      AC:  2    Str: 19    XL:     10   Next: 17%
Magic:  16/20      EV: 29    Int: 21    God:
Gold:   173        SH:  5    Dex: 23    Spells: 8/18 levels left

rFire   . . .      SeeInvis .    b - melded +0 shortbow
rCold   . . .      Faith    .    (shield currently unavailable)
rNeg    . . .      Spirit   .    z - melded +4 steam dragon scales
rPois   x          Reflect  +    t - melded +1 helmet "Xof Foog" {rN+ Regen+ Int-4 Slay+5}
rElec   .          Rampage  .    j - melded +0 cloak
rCorr   .                        (gloves currently unavailable)
Will    +....                    (boots currently unavailable)
Stlth   ++                       r - amulet of reflection
HPRegen 0.33/turn                L - +5 ring of evasion
MPRegen 0.17/turn                Q - +6 ring of intelligence

@: spider-form
A: venomous fangs, tiny, high MP 1, forlorn, divine attributes
a: End Transformation


You were in a volcano.
You were a venomous arachnid creature.
You visited 3 branches of the dungeon, and saw 10 of its levels.
You also visited: Volcano.

You collected 517 gold pieces.
You spent 344 gold pieces at shops.

Inventory:

Hand Weapons
 b - a +0 shortbow (melded)
 c - a +0 dagger of venom
 g - a +1 dagger of venom
Missiles
 i - 4 curare-tipped darts
 u - 19 poisoned darts
 y - a throwing net
Armour
 j - a +0 cloak (melded)
 t - the +1 helmet "Xof Foog" (melded) {rN+ Regen+ Int-4 Slay+5}
   (You acquired it on level 6 of the Dungeon)

   Int:       It affects your intelligence (-4).
   Slay:      It affects your accuracy & damage with ranged weapons and melee
   (+5).
   rN:        It protects you from negative energy.
   Regen:     It increases your rate of health regeneration.
 z - +4 steam dragon scales (melded)
Jewellery
 r - an amulet of reflection (around neck)
 A - a ring of flight
 L - a +5 ring of evasion (left front pincers)
 M - a +6 ring of dexterity
 P - a ring of poison resistance
 Q - a +6 ring of intelligence (right front pincers)
Wands
 d - a wand of charming (12)
 w - a wand of polymorph (2)
 B - a wand of mindburst (15)
 O - a wand of quicksilver (6)
Scrolls
 a - a scroll of noise {unknown}
 e - a scroll of blinking {unknown}
 f - 3 scrolls of poison
 h - a scroll of vulnerability {unknown}
 l - 3 scrolls of teleportation
 n - 3 scrolls of fear
 s - 2 scrolls of amnesia {unknown}
 x - a scroll of immolation {unknown}
 D - 2 scrolls of magic mapping {unknown}
 G - 3 scrolls of fog
 K - a scroll of torment {unknown}
 S - a scroll of summoning {unknown}
Potions
 k - 2 potions of cancellation
 m - 3 potions of haste
 o - 3 potions of lignification
 p - 2 potions of heal wounds
 q - 2 potions of flight
 v - 2 potions of magic
 F - a potion of might
 I - 2 potions of brilliance
 J - 3 potions of curing


   Skills:
 - Level 5.0 Fighting
 - Level 5.0 Dodging
 - Level 1.0 Stealth
 - Level 10.0 Unarmed Combat
 * Level 4.6 Spellcasting
 - Level 5.0 Transmutations
 - Level 4.0 Ice Magic
 - Level 1.0 Poison Magic


You had 8 spell levels left.
You knew the following spells:

 Your Spells              Type           Power      Damage    Failure   Level
a - Beastly Appendage     Tmut           50%        N/A       7%          1
e - Wereblood             Tmut           25%        N/A       9%          2
p - Spider Form           Tmut/Pois      17%        N/A       24%         3
q - Ice Form              Ice/Tmut       23%        N/A       38%         4

Your spell library contained the following spells:

 Spells                   Type           Power      Damage    Failure   Level
 Magic Dart               Conj           16%        1d3       28%         1
 Shock                    Conj/Air       16%        1d4       28%         1
 Lesser Beckoning         Tloc           8%         N/A       36%         2
 Searing Ray              Conj           8%         2d4       36%         2
 Gell's Gravitas          Tloc           4%         N/A       56%         3
 Swiftness                Air            4%         N/A       56%         3
 Teleport Other           Tloc           4%         N/A       56%         3
 Airstrike                Air            2%         2d(1-17)  89%         4
 Fulminant Prism          Conj/Hex       2%         3d5       89%         4
 Passage of Golubria      Tloc           4%         N/A       89%         4
 Silence                  Hex/Air        2%         N/A       99%         5
 Lehudib's Crystal Spear  Conj/Erth      2%         10d2      100%        8


Dungeon Overview and Level Annotations

Branches:
Dungeon (8/15)             Temple (1/1) D:4            Lair (1/5) D:8
Volcano (1/1)

Shops:
D:4 =   D:6 ?   D:7 =


Innate Abilities, Weirdness & Mutations

You are a venomous arachnid creature.
You have venomous fangs.
You are tiny and dextrous.
Your spellcasting is less reliable in this form.
Your armour is entirely melded.
You are incapable of wielding weapons or throwing items.
You have an increased reservoir of magic. (+10% MP)
You shall have no god before yourself.
Your divine heritage dramatically boosts your attributes as you level up.


Message History

Things that are here:
a +0 halberd; a salamander corpse A cyclops comes into view.
Casting: Spider Form (dangerous; 13% risk of failure)
Confirm with . or Enter, or press ? or * to list all spells.
You miscast Spider Form.
You are very lightly contaminated with residual magic.
Nothing appears to happen.
Casting: Spider Form (dangerous; 13% risk of failure)
Confirm with . or Enter, or press ? or * to list all spells.
You turn into a venomous arachnid creature.
Your +0 shortbow melds into your body.
Your +0 cloak melds into your body.
The +1 helmet "Xof Foog" {rN+ Regen+ Int-4 Slay+5} melds into your body.
Your +4 steam dragon scales melds into your body.
The cyclops shouts!
The cyclops throws a large rock.
The large rock hits you!!
The cyclops throws a large rock.
The large rock hits you!!
* * * LOW HITPOINT WARNING * * *
You feel much better.
You hit the cyclops but do no damage.
The cyclops is poisoned.
You completely miss the cyclops. The cyclops completely misses you.
Your magical contamination has completely faded away.
You hit the cyclops but do no damage.
The cyclops looks as sick as possible!
You bite the cyclops!
The cyclops looks as sick as possible!
The cyclops is moderately wounded.
The cyclops closely misses you.
You hit the cyclops but do no damage.
The cyclops looks as sick as possible!
The cyclops is moderately wounded.
The cyclops misses you.
You hit the cyclops.
The cyclops looks as sick as possible!
The cyclops is moderately wounded.
You bite the cyclops!
The cyclops looks as sick as possible!
The cyclops is heavily wounded.
The cyclops misses you.
You hit the cyclops.
The cyclops is severely wounded.
You bite the cyclops!
The cyclops looks as sick as possible!
The cyclops is almost dead.
The cyclops hits you!!
You die...

#~~# #~~## #...
#... #..# #..#
#.C# #.s# #..#
#..# #..# #..#
########..#
##.8..8##..####
#8.....'.8...8#
#......'......#


You could see a cyclops (extremely poisoned).

Vanquished Creatures
  A salamander (Volcano)
  Maggie (D:6)
  A komodo dragon (D:8)
  2 polar bears (Lair:1)
  Sigmund (D:6)
  A wyvern (D:8)
  Eustachio (D:4)
  2 steam dragons
  3 wargs (D:8)
  A water moccasin (D:7)
  An ice beast (D:7)
  An orc warrior (D:5)
  2 sky beasts
  4 ogres
  6 wolves
  5 centaurs
  A kobold brigand (D:4)
  A phantom (D:5)
  A bullfrog (Lair:1)
  2 scorpions (D:4)
  An electric eel (D:7)
  A howler monkey (D:8)
  Crazy Yiuf (D:5)
  4 orc priests
  6 hounds
  A jelly (D:7)
  2 sleepcaps (D:5)
  5 iguanas
  7 orc wizards
  11 adders
  A shadow imp (D:7)
  A white imp (D:7)
  4 ufetubi
  3 worms
  2 dart slugs (D:4)
  17 orcs
  10 endoplasms
  A giant cockroach (D:2)
  8 goblins
  10 hobgoblins
  3 jackals (D:2)
  7 kobolds
  6 quokkas
  7 ball pythons
  3 bats
  6 frilled lizards
  8 rats
174 creatures vanquished.

Vanquished Creatures (others)
  17 fungi (D:4)
  A plant (D:8)
  A withered plant (D:2)
19 creatures vanquished.

Grand Total: 193 creatures vanquished

Notes
Turn   | Place    | Note
-------+----------+-------------------------------------------
     0 | D:1      | avis the Demigod Transmuter began the quest for the Orb.
     0 | D:1      | Reached XP level 1. HP: 15/15 MP: 5/5
    29 | D:1      | Reached skill level 1 in Fighting
   128 | D:1      | Reached skill level 3 in Unarmed Combat
   274 | D:1      | Reached XP level 2. HP: 23/23 MP: 7/7
  1101 | D:2      | Reached XP level 3. HP: 28/29 MP: 8/8
  1105 | D:2      | Learned a level 3 spell: Spider Form
  1951 | D:3      | Reached skill level 4 in Unarmed Combat
  2329 | D:3      | Reached skill level 1 in Stealth
  2329 | D:3      | Reached XP level 4. HP: 36/36 MP: 6/9
  2458 | D:3      | Reached skill level 1 in Poison Magic
  2759 | D:4      | Found a staircase to the Ecumenical Temple.
  2768 | D:4      | Noticed a centaur
  2784 | D:4      | Killed a centaur
  2785 | D:4      | Reached XP level 5. HP: 17/45 MP: 10/10
  3029 | D:4      | Reached skill level 5 in Unarmed Combat
  3029 | D:4      | Reached XP level 6. HP: 29/51 MP: 8/11
  3506 | D:4      | Found Pyiwkiju's Jewellery Boutique.
  3815 | D:4      | Noticed Eustachio
  3829 | D:4      | Killed Eustachio
  3830 | D:4      | Reached skill level 6 in Unarmed Combat
  3928 | D:4      | Learned a level 2 spell: Wereblood
  4093 | Temple   | Entered the Ecumenical Temple
  4093 | Temple   | Found a transporter.
  4093 | Temple   | Found a transporter.
  4095 | Temple   | Found a transporter.
  4095 | Temple   | Found a transporter.
  4154 | D:5      | Entered Level 5 of the Dungeon
  4220 | D:5      | Reached XP level 7. HP: 48/57 MP: 6/13
  4450 | D:5      | Reached skill level 7 in Unarmed Combat
  4684 | D:5      | Reached XP level 8. HP: 63/63 MP: 11/15
  4793 | D:5      | Reached skill level 8 in Unarmed Combat
  4930 | D:5      | Found a runed translucent door.
  4931 | D:5      | Noticed Crazy Yiuf
  4959 | D:5      | Killed Crazy Yiuf
  5192 | D:6      | Noticed Maggie
  5508 | D:6      | Noticed Sigmund
  5525 | D:5      | Learned a level 4 spell: Ice Form
  5564 | D:6      | Killed Sigmund
  5783 | D:6      | Killed Maggie
  5784 | D:6      | Reached skill level 9 in Unarmed Combat
  6431 | D:6      | Found Ybryec's Magic Scroll Boutique.
  6436 | D:6      | Bought a scroll of identify for 26 gold pieces
  6436 | D:6      | Bought a scroll of identify for 26 gold pieces
  6436 | D:6      | Bought a scroll of identify for 26 gold pieces
  6436 | D:6      | Bought a scroll of identify for 26 gold pieces
  6436 | D:6      | Bought a scroll of identify for 26 gold pieces
  6436 | D:6      | Bought a scroll of identify for 26 gold pieces
  6436 | D:6      | Bought a scroll of teleportation for 39 gold pieces
  6436 | D:6      | Bought a scroll of enchant armour for 97 gold pieces
  6436 | D:6      | Bought a scroll of fear for 52 gold pieces
  6441 | D:6      | Identified a scroll of acquirement
  6443 | D:6      | Acquired the +1 helmet "Xof Foog" {rN+ Regen+ Int-4 Slay+5}
  6704 | Temple   | Upgraded the game from 0.30-a0-920-g7493c07aab to
                  | 0.30-a0-924-g0ad0bf95bc
  6840 | D:7      | Found Buoghana's Jewellery Shoppe.
  6878 | D:7      | Reached XP level 9. HP: 58/71 MP: 13/16
  7352 | D:7      | Reached skill level 10 in Unarmed Combat
  8043 | D:7      | Reached skill level 5 in Fighting
  8334 | D:8      | Reached skill level 5 in Dodging
  8368 | D:8      | Found a staircase to the Lair.
  8912 | Lair:1   | Entered Level 1 of the Lair of Beasts
  8912 | Lair:1   | Noticed a komodo dragon
  8919 | D:8      | Reached skill level 1 in Ice Magic
  8974 | D:8      | Killed a komodo dragon
  9078 | Lair:1   | Reached XP level 10. HP: 79/81 MP: 13/19
  9275 | Lair:1   | Found a dark tunnel.
  9282 | Volcano  | Entered a volcano
  9288 | Volcano  | Noticed a salamander
  9302 | Volcano  | Killed a salamander
  9303 | Volcano  | Reached skill level 5 in Transmutations
  9308 | Volcano  | Noticed a cyclops
  9326 | Volcano  | Mangled by a cyclops

Illustrated notes

Levels and vault maps discovered:
D:1:      co_arrival_random_square_maze, layout_rooms,
          chequers_serial_rivers_marsh
D:2:      layout_loops_ring, shapermc_ecumenical_altar_flowoftime, basic_altar,
          kennysheep_cross_room, minmay_cut_off
D:3:      layout_basic
D:4:      layout_rooms, minmay_temple_entry_mini_moons, serial_shops, shop,
          serial_aquarium, aquarium_bridge_island_large
          [aquarium_subvault_large_4_pools, aquarium_subvault_bridge,
          aquarium_subvault_bridge, aquarium_subvault_bridge,
          aquarium_subvault_wall], aquarium_bridge_straight
          [aquarium_subvault_bridge, aquarium_subvault_wall,
          aquarium_subvault_bridge, aquarium_subvault_wall],
          aquarium_window_corridor_1, aquarium_window_1, aquarium_window_corner,
          aquarium_window_1, aquarium_view_2c, aquarium_view_2e,
          aquarium_balcony_1b, aquarium_pool_five, uniq_eustachio
D:5:      kennysheep_six_static_rooms, layout_rooms,
          mainiacjoe_overflow_catwalk, kennysheep_another_room,
          chequers_serial_rivers_room_b, uniq_crazy_yiuf_cottage
D:6:      layout_loops_ring, mainiacjoe_overflow_brackets, serial_shops,
          nicolae_shop_crystal, minmay_misc_feat_ornament, uniq_maggie,
          uniq_sigmund
D:7:      cheibrodos_helix_gallery, layout_basic, serial_shops,
          nicolae_shop_hallway_stairs
D:8:      layout_rooms, nicolae_ashenzari_panopticon, general_overflow_altar,
          overflow_temple_1_default, nicolae_ru_path_of_blood,
          erik_lair_orcish_takeover
Temple:   hellmonk_temple_divided_pantheon
Lair:1:   layout_roguey, nicolae_volcano_entry_hallway, basic_altar,
          nicolae_lair_lindhole
Volcano:  hellmonk_zot_springs

Skill      XL: |  1  2  3  4  5  6  7  8  9 10 |
---------------+-------------------------------+-----
Fighting       | 1 2 3 4 5 |  5.0
Unarmed Combat | 3 4 5 6 7 9 10 | 10.0
Dodging        | 2 3 4 5 |  5.0
Stealth        | 1 |  1.0
Spellcasting   | 2 3 4 |  4.6
Transmutations | 2 3 4 5 |  5.0
Poison Magic   | 1 |  1.0
Ice Magic      | 4 |  4.0

Action                     |  1- 3 |  4- 6 |  7- 9 | 10-12 || total
---------------------------+-------+-------+-------+-------++-------
  Melee: Unarmed           |   149 |    76 |   235 |    32 ||   492
         Kick              |    40 |     1 |     1 |       ||    42
         Headbutt          |    16 |       |       |       ||    16
         Punch             |     3 |       |       |       ||     3
         Dagger            |       |       |     4 |       ||     4
   Fire: Shortbow          |       |    35 |    93 |     3 ||   131
   Cast: Beastly Appendage |    43 |     2 |     1 |       ||    46
         Spider Form       |     1 |    10 |    40 |     7 ||    58
         Wereblood         |       |       |     1 |       ||     1
Ability: End Transformatio |       |       |     1 |       ||     1
    Use: Potion            |     1 |     3 |     1 |     1 ||     6
         Scroll            |       |     4 |    14 |       ||    18
 Armour: Robe              |    13 |     1 |       |       ||    14
         Skin              |       |    14 |     4 |     1 ||    19
         Steam dragon scal |       |       |     2 |       ||     2
  Dodge: Dodged            |    78 |    35 |   207 |    25 ||   345
  Block: Other             |    20 |    14 |    42 |     6 ||    82
         Reflection        |     2 |     2 |     5 |       ||     9

Table legend: (Time is in decaauts)
 A = Elapsed time spent in this place.
 B = Non-inter-level travel time spent in this place.
 C = Inter-level travel time spent in this place.
 D = Time resting spent in this place.
 E = Time spent auto-exploring this place.
 F = Levels seen in this place.
 G = Mean time per level.
                   A        B        C        D        E       F      G
               +--------+--------+--------+--------+--------+-----+--------+
         Total |   9317 |   8315 |   1002 |   1677 |   4154 |  11 |  847.0 |
       Dungeon |   8955 |   7956 |    999 |   1677 |   4154 |   8 | 1119.4 |
        Temple |     82 |     79 |      3 |      0 |      0 |   1 |   82.0 |
          Lair |    238 |    238 |      0 |      0 |      0 |   1 |  238.0 |
       Volcano |     40 |     40 |      0 |      0 |      0 |   1 |   40.0 |
               +--------+--------+--------+--------+--------+-----+--------+

Top non-repeatable levels by time:
     D:5: 1672 daAuts
     D:4: 1442 daAuts
     D:7: 1281 daAuts
     D:2: 1211 daAuts
     D:6: 1033 daAuts
     D:3: 847 daAuts
     D:8: 763 daAuts
     D:1: 703 daAuts
  Lair:1: 238 daAuts
  Temple: 82 daAuts
 Volcano: 40 daAuts
